 Dungeon Crawl Stone Soup version 0.31-a0-631-g285b096dc4 (webtiles) character file.

Game seed: 405302182769882768

338 subawu the Protected (level 6, -2/35 (39) HPs)
             Began as a Gnoll Wanderer on Aug 24, 2023.
             Engulfed by a cloud of foul pestilence (4 damage)
             ... on level 4 of the Dungeon on Aug 25, 2023.
             The game lasted 00:31:08 (5374 turns).

subawu the Protected (Gnoll Wanderer)               Turns: 5374, Time: 00:31:09

HP:   -2/35 (39)    AC: 12    Str: 15    XL:     6   Next: 55%
MP:   10/12         EV: 10    Int: 11    God:
Gold: 221           SH:  0    Dex: 10    Spells: 9/13 levels left

rFire   . . .        t - +2 short sword (venom)
rCold   + . .        (no shield)
rNeg    . . .        l - +2 scale mail {rC+}
rPois   .            (no helmet)
rElec   .            h - +0 cloak
rCorr   .            (no gloves)
SInv    .            (no boots)
Will    .....        (no amulet) Stlth
                     (no ring)
HPRegen 0.25/turn    (no ring)
MPRegen 0.13/turn

%: no passive effects
@: lethally poisoned (-2 -> -74), studying Spellcasting, heavily drained
A: fangs 1, strong nose, distributed training, frail 1
a: no special abilities


You were on level 4 of the Dungeon.
You visited 1 branch of the dungeon, and saw 4 of its levels.

You collected 221 gold pieces.

Inventory:

Hand Weapons
 a - a +0 club
 e - a +0 flail
 p - a +0 long sword
 q - a +1 dagger of venom
 r - a +0 flail of pain
 t - a +2 short sword of venom (weapon)
Missiles
 f - 9 stones
 m - 7 poisoned darts
Armour
 d - a +2 scale mail
 g - a +0 leather armour
 h - a +0 cloak (worn)
 i - a +0 scale mail
 l - a +2 scale mail of cold resistance (worn)
Jewellery
 c - a ring of fire
 j - a ring of willpower
 o - an amulet of the acrobat
Potions
 b - a potion of degeneration {unknown}
 k - 4 potions of curing (quivered)
 n - a potion of mutation
 s - a potion of haste


   Skills:
 + Level 2.0 Fighting
 + Level 2.0 Short Blades
 + Level 2.0 Long Blades
 + Level 2.0 Axes
 + Level 2.0 Maces & Flails
 + Level 2.0 Polearms
 + Level 2.0 Staves
 + Level 2.0 Ranged Weapons
 + Level 3.3 Throwing
 + Level 10.6 Armour
 + Level 2.0 Dodging
 + Level 2.0 Stealth
 + Level 2.0 Shields
 + Level 2.0 Unarmed Combat
 + Level 4.0 Spellcasting
 + Level 1.6 Conjurations
 + Level 1.6 Hexes
 + Level 1.6 Summonings
 + Level 1.6 Necromancy
 + Level 1.6 Translocations
 + Level 1.6 Transmutations
 + Level 1.6 Fire Magic
 + Level 1.6 Ice Magic
 + Level 1.6 Air Magic
 + Level 1.6 Earth Magic
 + Level 5.7 Poison Magic
 + Level 2.2 Invocations
 + Level 2.0 Evocations
 + Level 1.8 Shapeshifting


You had 9 spell levels left.
You knew the following spells:

 Your Spells              Type           Power      Damage    Failure   Level
a - Sting                 Tmut/Pois      40%        1d5       16%         1
b - Freeze                Ice            20%        1d4       36%         1
c - Cigotuvi's Dreadful   Necr/Pois/Air  16%        N/A       32%         2

Your spell library contained the following spells:

 Spells                   Type           Power      Damage    Failure   Level
 Apportation              Tloc           10%        N/A       36%         1
 Necrotise                Necr           20%        1d5       36%         1
 Summon Small Mammal      Summ           20%        N/A       36%         1
 Blink                    Tloc           10%        N/A       50%         2
 Lesser Beckoning         Tloc           10%        N/A       50%         2
 Momentum Strike          Conj/Tloc      10%        3d8       50%         2
 Ignite Poison            Fire/Tmut/Pois 8%         N/A       54%         3
 Mephitic Cloud           Conj/Pois/Air  8%         N/A       54%         3
 Frozen Ramparts          Ice            10%        1d2       73%         3
 Hailstorm                Conj/Ice       5%         3d4       73%         3
 Tukima's Dance           Hex            5%         N/A       73%         3
 Passage of Golubria      Tloc           5%         N/A       98%         4
 Freezing Cloud           Conj/Ice/Air   2%         6-21      100%        5
 Yara's Violent Unravell  Hex/Tmut       2%         3d3       100%        5


Dungeon Overview and Level Annotations

Branches:
Dungeon (4/15)
 Temple: D:4-7

Altars:
Dithmenos
Makhleb
Nemelex Xobeh
Ru
Sif Muna
Zin

Shops:
D:2 :   D:3 [


Innate Abilities, Weirdness & Mutations

You have very sharp teeth.
Your uncanny sense of smell can sniff out nearby items.
Your experience applies equally to all skills.
You are frail. (-10% HP)


Message History

a +0 flail of pain; an orc corpse
r - a +0 flail of pain You start waiting.
Done waiting.
There is a stone staircase leading down here.
Found a burning altar of Makhleb.
There is a burning altar of Makhleb here.
Why would you want to do that? Why would you want to do that?
You see here a +2 short sword of venom.
You see here a +2 short sword of venom.
t - a +2 short sword of venom Your +2 short sword of venom begins to drip with poison!
t - a +2 short sword of venom (weapon)
Found a +0 dagger.
There is a stone staircase leading down here.
An endoplasm comes into view.
An endoplasm is nearby!
Unknown command.
Casting: Freeze (safe; 36% risk of failure)
Confirm with . or Enter, or press ? or * to list all spells.
A part of your flesh rots into a cloud of miasma!
You feel drained.
You barely miss the endoplasm.
You are engulfed in dark miasma.
You are poisoned.
You feel very sick. The endoplasm hits you.
You hit the endoplasm.
The endoplasm is almost dead.
You are engulfed in dark miasma.
You are lethally poisoned!
* * * LOW HITPOINT WARNING * * *
You feel extremely sick. The endoplasm freezes you.
You are frozen.
You resist.
* * * LOW HITPOINT WARNING * * *
You hit the endoplasm but do no damage.
The endoplasm is almost dead.
You are engulfed in dark miasma.
You are more poisoned.
You die...

.##..>...#
#.......#.##.##
.####.####
###......##...## .# #.#
#.....##.....## ## #.#
#######..[..#.......# #
#.#
#....##.....#..._...#
#####.#
#....##.....#.......#
..)##.#
#....####.####.....##
...##.#
#....####.#####...##
...##.# #.....@J....#
#####
...##.#######.#####.#^#
...##......##.# ..#.#
...#######.##.# #..# #
...# #.##.# #..# ####
#.##.# #..#∆ #.##.#
#### #.##.# #.##.#


You could see an endoplasm.

Vanquished Creatures
  A phantom (D:4)
  A scorpion (D:4)
  A howler monkey (D:4)
  6 adders
  3 gnolls (D:3)
  2 worms (D:2)
  2 dart slugs (D:1)
  4 orcs (D:4)
  3 bats (D:2)
  5 endoplasms
  6 giant cockroaches
  4 goblins
  8 hobgoblins
  4 jackals (D:1)
  12 kobolds
  5 quokkas
  3 frilled lizards
  3 rats
73 creatures vanquished.

Notes
Turn   | Place    | Note
-------+----------+-------------------------------------------
     0 | D:1      | Reached skill level 10 in Armour
     0 | D:1      | subawu the Gnoll Wanderer began the quest for the Orb.
     0 | D:1      | subawu set off with the following items: a +0 club, a
                  | potion of lignification, a scroll of fear, a +2 scale mail;
                  | and the following spell memorised: Sting; and the following
                  | spells available to memorise: Mephitic Cloud.
     0 | D:1      | Reached XP level 1. HP: 13/13 MP: 4/4
   214 | D:1      | Reached XP level 2. HP: 16/19 MP: 3/5
  1154 | D:1      | Reached XP level 3. HP: 20/25 MP: 7/7
  2118 | D:2      | Reached skill level 1 in Invocations
  2249 | D:2      | Reached skill level 1 in Fighting
  2249 | D:2      | Reached skill level 1 in Short Blades
  2249 | D:2      | Reached skill level 1 in Long Blades
  2249 | D:2      | Reached skill level 1 in Axes
  2249 | D:2      | Reached skill level 1 in Maces & Flails
  2249 | D:2      | Reached skill level 1 in Polearms
  2249 | D:2      | Reached skill level 1 in Staves
  2249 | D:2      | Reached skill level 1 in Ranged Weapons
  2249 | D:2      | Reached skill level 1 in Dodging
  2249 | D:2      | Reached skill level 1 in Stealth
  2249 | D:2      | Reached skill level 1 in Shields
  2249 | D:2      | Reached skill level 1 in Unarmed Combat
  2249 | D:2      | Reached skill level 1 in Evocations
  2501 | D:2      | Reached XP level 4. HP: 32/32 MP: 6/8
  2555 | D:2      | Reached skill level 1 in Shapeshifting
  2928 | D:2      | Found Ziplufut's Book Boutique.
  3406 | D:3      | Found Cebel's Antique Armour Emporium.
  3411 | D:3      | Upgraded the game from 0.31-a0-626-g8143ab4f1d to
                  | 0.31-a0-631-g285b096dc4
  3459 | D:3      | Found a glowing silver altar of Zin.
  3571 | D:3      | Learned a level 1 spell: Freeze
  3604 | D:3      | Reached skill level 1 in Conjurations
  3604 | D:3      | Reached skill level 1 in Hexes
  3604 | D:3      | Reached skill level 1 in Summonings
  3604 | D:3      | Reached skill level 1 in Necromancy
  3604 | D:3      | Reached skill level 1 in Translocations
  3604 | D:3      | Reached skill level 1 in Transmutations
  3604 | D:3      | Reached skill level 1 in Fire Magic
  3604 | D:3      | Reached skill level 1 in Ice Magic
  3604 | D:3      | Reached skill level 1 in Air Magic
  3604 | D:3      | Reached skill level 1 in Earth Magic
  3784 | D:3      | Found a sacrificial altar of Ru.
  3910 | D:3      | Reached XP level 5. HP: 6/37 MP: 4/9
  4278 | D:4      | Noticed a phantom
  4334 | D:4      | Killed a phantom
  4335 | D:4      | Reached XP level 6. HP: 10/44 MP: 11/11
  4558 | D:4      | Found a shadowy altar of Dithmenos.
  4578 | D:4      | Learned a level 2 spell: Cigotuvi's Dreadful Rot
  4585 | D:4      | Found a shimmering blue altar of Sif Muna.
  4988 | D:4      | Gained mutation: You are frail. (-10% HP) [potion of
                  | mutation]
  5047 | D:4      | Found a sparkling altar of Nemelex Xobeh.
  5242 | D:4      | Found a burning altar of Makhleb.
  5374 | D:4      | Engulfed by a cloud of foul pestilence

Illustrated notes

Levels and vault maps discovered:
D:1:      dpeg_arrival_radiant, layout_basic
D:2:      layout_loops_ring, serial_shops, shop, serial_rivers,
          chequers_serial_rivers_micro_b, chequers_serial_rivers_micro_d,
          chequers_serial_rivers_micro_c, chequers_serial_rivers_micro_d,
          chequers_serial_rivers_micro_a, chequers_serial_rivers_micro_d,
          kennysheep_nub, hex_medium
D:3:      layout_rooms, lemuel_crystal_altar, mainiacjoe_overflow_24_doors,
          serial_shops, nicolae_shop_behind_doors
D:4:      layout_basic, overflow_temple_1_default,
          mainiacjoe_overflow_six_doors_small, mainiacjoe_overflow_brackets,
          lemuel_round_altar

Skill      XL: |  1  2  3  4  5  6 |
---------------+-------------------+-----
Armour         | | 10.6
Invocations    | 1 2 |  2.2
Fighting       | 1 2 |  2.0
Short Blades   | 1 2 |  2.0
Long Blades    | 1 2 |  2.0
Axes           | 1 2 |  2.0
Maces & Flails | 1 2 |  2.0
Polearms       | 1 2 |  2.0
Staves         | 1 2 |  2.0
Ranged Weapons | 1 2 |  2.0
Dodging        | 1 2 |  2.0
Stealth        | 1 2 |  2.0
Shields        | 1 2 |  2.0
Unarmed Combat | 1 2 |  2.0
Evocations     | 1 2 |  2.0
Spellcasting   | 3 4 |  4.0
Shapeshifting  | 1 |  1.8
Conjurations   | 1 |  1.6
Hexes          | 1 |  1.6
Summonings     | 1 |  1.6
Necromancy     | 1 |  1.6
Translocations | 1 |  1.6
Transmutations | 1 |  1.6
Fire Magic     | 1 |  1.6
Ice Magic      | 1 |  1.6
Air Magic      | 1 |  1.6
Earth Magic    | 1 |  1.6
Throwing       | 3 |  3.3
Poison Magic   | |  5.7

Action                     |  1- 3 |  4- 6 || total
---------------------------+-------+-------++-------
  Melee: Club              |   162 |    52 ||   214
         Bite              |    13 |    14 ||    27
         Punch             |     1 |     1 ||     2
         Long sword        |       |   106 ||   106
         Short sword       |       |     3 ||     3
  Throw: Stone             |       |     7 ||     7
   Cast: Sting             |     8 |    17 ||    25
         Freeze            |       |    17 ||    17
         Cigotuvi's Dreadf |       |     1 ||     1
    Use: Scroll            |     3 |     5 ||     8
         Potion            |     2 |     5 ||     7
 Armour: Scale mail        |   124 |   129 ||   253
         Skin              |       |    64 ||    64
  Dodge: Dodged            |   118 |   108 ||   226

Table legend: (Time is in decaauts)
 A = Elapsed time spent in this place.
 B = Non-inter-level travel time spent in this place.
 C = Inter-level travel time spent in this place.
 D = Time resting spent in this place.
 E = Time spent auto-exploring this place.
 F = Levels seen in this place.
 G = Mean time per level.
                   A        B        C        D        E       F      G
               +--------+--------+--------+--------+--------+-----+--------+
         Total |   5445 |   4353 |   1092 |    762 |    224 |   4 | 1361.2 |
       Dungeon |   5445 |   4353 |   1092 |    762 |    224 |   4 | 1361.2 |
               +--------+--------+--------+--------+--------+-----+--------+

Top non-repeatable levels by time:
     D:1: 2064 daAuts
     D:4: 1212 daAuts
     D:2: 1129 daAuts
     D:3: 1039 daAuts
